[Event "Early-Titled-Tuesday-Blitz-April-02-2024"]
[Site "Chess.com"]
[Date "2024.04.02"]
[Round "7"]
[White "Polish_fighter3000"]
[Black "Alexander_Donchenko"]
[Result "1-0"]
[WhiteElo "3145"]
[BlackElo "2908"]
[TimeControl "180+1"]
[EndTime "9:17:52 PDT"]
[Termination "Polish_fighter3000 won on time"]

1. e4 c5 2. Nf3 d6 3. d4 cxd4 4.
Nxd4 Nf6 5. Nc3 a6 6. Bg5 Nbd7 7. Bc4 Qb6 8. Bb3 e6 9. Qd2 Be7 10. O-O-O Nc5 11. Qe2 Qc7 12. f4 h6 13. Bh4 O-O 14. e5 dxe5 15. fxe5 Nh7 16. Bxe7 Qxe7 17. Ne4 Nxe4 18.
Qxe4 Ng5 19. Qd3 Bd7 20. h4 Nh7 21. c3 Rfd8 22. Bc2 Nf8 23. Qf3 Be8 24. g4 g6 25. Be4 Rab8 26. Qf4 Kg7 27. g5 h5 28. Qf6+ Qxf6 29. exf6+ Kg8 30. b4 Ba4 31. Bc2 Bxc2 32. Kxc2 Nd7 33. Nf3 Kf8 34. Rd6 Ke8 35. Rhd1 Rbc8 36.
Kb3 Nb8 37. Ne5 Rxd6 38. Rxd6 Rc7 39. a4 Nd7 40. Nxg6 fxg6 41. Rxe6+ Kf8 42. Re7 b5 43. a5 Rb7 44. Kc2 Rc7 45. Kd3 Rb7 46. c4 bxc4+ 47. Kxc4 Rc7+ 48. Kd5 1-0

[Event "Early-Titled-Tuesday-Blitz-April-02-2024"]
[Site "Chess.com"]
[Date "2024.04.02"]
[Round "7"]
[White "Boundless_Strike"]
[Black "joksijoksi"]
[Result "1-0"]
[WhiteElo "2661"]
[BlackElo "2534"]
[TimeControl "180+1"]
[EndTime "9:17:52 PDT"]
[Termination "Boundless_Strike won by resignation"]

1. d4 Nf6 2. f3 d5 3. e4 dxe4 4. Nc3 exf3 5. Nxf3 Bf5 6. Ne5 e6 7.
g4 Bg6 8. Bg2 c6 9. h4 h5 10. Nxg6 fxg6 11. g5 Ng4 12. Qd3 Qd6 13. Qxg6+ Kd8 14. Ne4 Qxd4 15. c3 Ne5 16. Qxe6 Qd5 17.
Qxd5+ cxd5 18. Nf2 Bc5 19. Bxd5 Nbc6 20. Ne4 Re8 21.
Nxc5 Nd3+ 22. Kd2 Nxc5 23. b4 Ne4+ 24. Kc2 Kc7 25. Bf4+ Nd6 26. Rhe1 Rf8 27. Bg3 Rae8 28. a3 Kd7 29. Rad1 Rxe1 30. Rxe1 Re8 31. Rxe8 Nxe8 32.
Bf7 Nd6 33. Bxh5 Ne4 34. Bg4+ Ke7 35. Be1 Ne5 36. Be2 Nd6 37. Bg3 Nec4 38. a4 Ne3+ 39.
Kd3 Nef5 40. Bf2 Nf7 41. Ke4 N5d6+ 42. Kd5 Nd8 43. Bxa7 Ne6 44. Bg4 Nf4+ 45. Ke5 Ng6+ 46. Kd5 Nxh4 47. Bc5 Ng6 48. Bxd6+ Kd8 49. Bg3 Ne7+ 50.
Ke6 Nc6 51. Kf7 Ne5+ 1-0

[Event "Early-Titled-Tuesday-Blitz-April-02-2024"]
[Site "Chess.com"]
[Date "2024.04.02"]
[Round "7"]
[White "Blackwhite017"]
[Black "Englishman_18"]
[Result "0-1"]
[WhiteElo "2080"]
[BlackElo "2280"]
[TimeControl "180+1"]
[EndTime "9:17:52 PDT"]
[Termination "Englishman_18 won on time"]

1. g3 Nf6 2. Bg2 d5 3. d3 g6 4. Nd2 Bg7 5. e4 c5 6. Ngf3 Nc6 7. O-O e5 8. exd5 Nxd5 9. Nc4 O-O 10. Re1 Re8 11. a4 f6 12. Ne3 Nc7 13. Bd2 Be6 14. Bc3 Nd4 15. Nd2 Rb8 16. Nec4 Bd5 17.
Bxd4 cxd4 18. Bxd5+ Qxd5 19. Qf3 f5 20. Qxd5+ Nxd5 21. Re2 Re6 22. Rae1 Rbe8 23. Nf3 Kf7 24. Ng5+ Kg8 25.
Nxe6 Rxe6 26. f4 e4 27. dxe4 fxe4 28. Rxe4 Rxe4 29. Rxe4 Nb4 30. c3 dxc3 31. bxc3 Bxc3 32. Nd6 Nd5 33. Nxb7 Nf6 34. Rc4 Bd2 35. Rc8+ Kg7 36.
Rc7+ Kh6 37. Nd8 Ba5 38. Rc8 Kh5 39. Ra8 Bb6+ 0-1

[Event "Early-Titled-Tuesday-Blitz-April-02-2024"]
[Site "Chess.com"]
[Date "2024.04.02"]
[Round "7"]
[White "AlexeiShirov"]
[Black "JimDiGrease"]
[Result "0-1"]
[WhiteElo "2820"]
[BlackElo "2969"]
[TimeControl "180+1"]
[EndTime "9:17:53 PDT"]
[Termination "JimDiGrease won by resignation"]

1. e4 c5 2. Nf3 e6 3. d4 cxd4 4. Nxd4 Nf6 5. Nc3 Nc6 6. Nxc6 bxc6 7. e5 Nd5 8. Ne4 Qc7 9. f4 Rb8 10. Bd3 Qb6 11. Qe2 Be7 12. c4 f5 13. Ng5 Nb4 14.
Bb1 Ba6 15. Be3 Bc5 16. Bc1 Nd5 17. Rf1 Bb4+ 18. Kd1 Qd4+ 19. Qd3 Qxc4 20. Rf3 Be7 21. Qxc4 Bxc4 22. Bd3 Bb5 23. Bxb5 Rxb5 24. Rd3 Rb4 25. g3 h6 26. Nf3 g5 27. a3 Rc4 28. Nd2 Ra4 29.
b3 Ra5 30. Nc4 Rb5 31. Bd2 Rg8 32. fxg5 hxg5 33. Kc2 Rh8 34. Rh1 g4 35. h4 gxh3 36.
g4 fxg4 37. Rg3 Rh4 38. Be1 Nb6 39. Rgg1 Rh5 40. Rxg4 Nxc4 41. bxc4 Rbxe5 42. Bc3 Ref5 43. Rg8+ Rf8 44. Rg3 Rf2+ 45. Kd3 h2 46. Rg8+ Kf7 47. Rg7+ Kf8 48. Rg3 Bd6 49. Re3 Bf4 50. Re4 Rh3+ 0-1

[Event "Early-Titled-Tuesday-Blitz-April-02-2024"]
[Site "Chess.com"]
[Date "2024.04.02"]
[Round "7"]
[White "eagleclaw07"]
[Black "bilelou"]
[Result "1-0"]
[WhiteElo "2847"]
[BlackElo "2660"]
[TimeControl "180+1"]
[EndTime "9:17:56 PDT"]
[Termination "eagleclaw07 won on time"]

1. d4 Nf6 2. c4 e6 3. Nc3 c5 4. d5 exd5 5. cxd5 d6 6. Nf3 g6 7.
Bf4 a6 8. a4 Bg7 9. h3 O-O 10. e3 Re8 11. Be2 Ne4 12. Nxe4 Rxe4 13. Nd2 Rb4 14. Nc4 Rxc4 15. Bxc4 Bxb2 16. Rb1 Bc3+ 17. Kf1 Qe7 18. Rb6 Be5 19. Bxe5 Qxe5 20. Rb1 Nd7 21. Qf3 Qe7 22. Qf4 Ne5 23. h4 Bf5 24. Rb6 Qc7 25. a5 Re8 26. h5 Qe7 27.
Be2 Bc8 28. h6 f5 29. g3 Nf7 30. Kg2 Qf6 31. Qh4 g5 32. Qa4 Re5 33. Bxa6 bxa6 34. Rb8 Qd8 35. Rhb1 Re8 36. R1b6 Qe7 37. Qc6 Bd7 38.
Qb7 g4 39. Rxe8+ Qxe8 40. Rxa6 Qe4+ 41. Kg1 Ne5 42. Qb8+ Kf7 43. Rxd6 Qb1+ 44. Qxb1 1-0

[Event "Early-Titled-Tuesday-Blitz-April-02-2024"]
[Site "Chess.com"]
[Date "2024.04.02"]
[Round "7"]
[White "Incognito_Knight"]
[Black "Bauman_Guy"]
[Result "0-1"]
[WhiteElo "2735"]
[BlackElo "2908"]
[TimeControl "180+1"]
[EndTime "9:17:59 PDT"]
[Termination "Bauman_Guy won on time"]

1. e4 c6 2. d4 d5 3. exd5 cxd5 4. Bd3 Nf6 5. h3 g6 6. Nf3 Bg7 7. O-O Nc6 8. c3 O-O 9. Qc2 a6 10. a4 Bd7 11. Bf4 Rc8 12. Qe2 Bf5 13. Nbd2 Bxd3 14. Qxd3 e6 15. b4 Nd7 16. a5 Na7 17. Nb3 Nb5 18. Nc5 Nxc5 19. bxc5 Re8 20. Rfe1 f6 21. c4 dxc4 22. Qxc4 Qd5 23. Qxd5 exd5 24. Kf1 Re4 25. Be3 f5 26. Nd2 Re6 27. Nb3 Rce8 28. g3 Re4 29.
Rad1 Na7 30. Rb1 Nc6 31. Red1 Bf6 32. h4 Bd8 33. Nd2 R4e7 34. Bg5 Rd7 35. Bxd8 Rexd8 36. Nb3 Re8 37. Re1 Re4 38. f3 Ree7 39. Rxe7 Rxe7 40.
Re1 Kf7 41. Rxe7+ Kxe7 42. Ke2 f4 43. g4 h5 44. Kd3 Kf6 45. Ke2 g5 46. hxg5+ Kxg5 47. gxh5 Kxh5 48. Kf2 Kh4 49. Kg2 Ne7 50. Nc1 Nf5 51. Nb3 Ne3+ 52. Kf2 Nf5 53. Kg2 Ne3+ 54.
Kf2 Kh3 55. Ke2 Kg3 56. Nc1 Nf5 57. Nb3 Kg2 58. c6 bxc6 59. Nc5 Nxd4+ 60. Kd3 Nb5 61. Nxa6 Kxf3 62. Nb4 Kg2 63. Nxc6 f3 64. Ne5 f2 65. Ng4 f1=Q+ 0-1

[Event "Early-Titled-Tuesday-Blitz-April-02-2024"]
[Site "Chess.com"]
[Date "2024.04.02"]
[Round "7"]
[White "Janh4"]
[Black "GMAneta"]
[Result "0-1"]
[WhiteElo "2162"]
[BlackElo "2488"]
[TimeControl "180+1"]
[EndTime "9:17:59 PDT"]
[Termination "GMAneta won on time"]

1. d4 f6 2. Nc3 d5 3. e4 e6 4.
exd5 exd5 5. Qh5+ g6 6. Qxd5 Bb4 7. Qb5+ Nc6 8. d5 a6 9. Qc4 Qe7+ 10. Be2 Ne5 11. Qb3 Bg4 12. f3 Bf5 13. Bd2 O-O-O 14.
O-O-O h5 15. Nh3 Nh6 16. Nf4 Nhf7 17. Nd3 Nxd3+ 18. Bxd3 Bxd3 19. cxd3 Ne5 20. Ne4 Bxd2+ 21. Rxd2 f5 22. Nc3 Rhe8 23. Kc2 Nf7 24. Re2 Qg5 25. Rhe1 Nd6 26. Rxe8 Rxe8 27. Rxe8+ Nxe8 28. g3 h4 29. Qa4 Nd6 30. Qxh4 Qxh4 31. gxh4 f4 32. Ne4 Nf5 33. Kd2 Nxh4 34. Ke2 Nf5 35. Ng5 Ne7 36. d6 cxd6 37. d4 Nd5 38. a3 Kd7 39. Kd3 Nb6 40. b3 d5 41. Nh3 Ke6 42. Nxf4+ Kf5 43. Ne2 Kg5 44.
Ke3 Kh4 45. h3 g5 46. f4 Nd7 47.
fxg5 Kxg5 48. Kf3 Kh4 49. Nf4 Nf6 50. Kg2 a5 51. b4 a4 52. Kf3 Kg5 53. Ne6+ Kf5 54.
Nf4 b6 55. h4 b5 56. h5 Kg5 57. Kg3 Ne4+ 58. Kf3 Nd2+ 59. Ke3 Nc4+ 60. Kd3 Nxa3 61.
Nxd5 Nb1 62. Nc3 a3 63. Na2 Kxh5 64. d5 Kg5 65. Kd4 Kf6 66. Kc5 Ke5 67. d6 Ke6 68. Kc6 Nd2 69. Kc7 Ne4 70. d7 Nc5 71. d8=Q Na6+ 0-1

[Event "Early-Titled-Tuesday-Blitz-April-02-2024"]
[Site "Chess.com"]
[Date "2024.04.02"]
[Round "7"]
[White "KuzubovYuriy"]
[Black "TheBigBoss04"]
[Result "1-0"]
[WhiteElo "2922"]
[BlackElo "2748"]
[TimeControl "180+1"]
[EndTime "9:18:00 PDT"]
[Termination "KuzubovYuriy won by resignation"]

1. d4 Nf6 2. c4 d6 3. Nc3 Nbd7 4. Nf3 e5 5. e4 Be7 6. Be2 O-O 7. O-O c6 8. Re1 Re8 9. Bf1 Bf8 10. d5 c5 11. a3 a6 12. b4 Qc7 13. Rb1 g6 14.
Na4 b6 15. bxc5 Nxc5 16. Nd2 Nfd7 17. Nxc5 Nxc5 18. Nb3 Bd7 19. Qf3 Bg7 20. Be3 Ba4 21.
Nxc5 bxc5 22. Bd2 Rab8 23. Qd3 Bd7 24. g3 f5 25. Qc2 Rxb1 26. Rxb1 fxe4 27. Bg2 e3 28.
Bxe3 Rb8 29. Rxb8+ Qxb8 30. Be4 Qb6 31. Bd2 Kf7 32. Kg2 Bf6 33. h4 Ke7 34. h5 gxh5 35. Bxh7 Qd8 36. Bf5 Qe8 37. Bxd7 Qxd7 38. Qh7+ Kd8 39.
Qxh5 Qa4 40. Qf7 Qxc4 41. Qxf6+ Kd7 42. Qe6+ Kc7 43. Qf7+ Kb6 44. Be3 Qe4+ 45. Qf3 Qc2 46. g4 Kb5 47. g5 c4 48. Qg4 Qg6 49. Qe6 Qe4+ 50. Kg3 c3 51. Qd7+ Ka5 52. Qc7+ Kb5 53. Qb6+ Ka4 54. Qb4+ Qxb4 55. axb4 1-0

[Event "Early-Titled-Tuesday-Blitz-April-02-2024"]
[Site "Chess.com"]
[Date "2024.04.02"]
[Round "7"]
[White "nekotyanof"]
[Black "Radzio1987"]
[Result "0-1"]
[WhiteElo "2672"]
[BlackElo "2893"]
[TimeControl "180+1"]
[EndTime "9:18:00 PDT"]
[Termination "Radzio1987 won by checkmate"]

1. e4 c5 2. Nf3 d6 3. d4 cxd4 4. Qxd4 Nf6 5. Nc3 a6 6. Be2 Nc6 7. Qd3 e6 8. O-O Be7 9. a4 O-O 10. Bf4 Qc7 11. Rad1 Rd8 12. Qc4 Qb8 13. Rd2 h6 14.
Rfd1 e5 15. Be3 Be6 16. Nd5 Rc8 17. c3 Bxd5 18. exd5 Nd4 19. Qa2 Nf5 20. Bb6 Bd8 21. Qb3 Ne4 22. Rc2 Nc5 23. Bxc5 Rxc5 24. Qb4 Qc8 25.
Qg4 Ne7 26. Qxc8 Raxc8 27. Rcd2 Bb6 28. Ne1 f5 29. Nc2 Kf7 30. Nb4 Kf6 31. Kf1 Ng6 32. g3 e4 33. Nc2 Ne5 34. Ne3 R5c7 35. Ng2 g5 36. Rc2 Nc4 37. Rdc1 Ba7 38. Bxc4 Rxc4 39. b3 R4c7 40. c4 Ke5 41. h4 f4 42. hxg5 hxg5 43.
gxf4+ gxf4 44. f3 Rh8 45. Re1 Rh1+ 46. Ke2 Rch7 47. Rcc1 R1h2 48. Kf1 e3 49. Rc2 Rg7 50. Rce2 Rh1# 0-1

[Event "Early-Titled-Tuesday-Blitz-April-02-2024"]
[Site "Chess.com"]
[Date "2024.04.02"]
[Round "7"]
[White "JaackCamel"]
[Black "BashirliSaadat"]
[Result "1-0"]
[WhiteElo "2198"]
[BlackElo "2346"]
[TimeControl "180+1"]
[EndTime "9:18:00 PDT"]
[Termination "JaackCamel won by resignation"]

1. d4 Nf6 2. c4 g6 3. Nc3 Bg7 4. e4 d6 5. Nf3 O-O 6. Be2 c5 7. d5 Nbd7 8. O-O a6 9. h3 Rb8 10. Re1 Qa5 11. Bd2 Qc7 12. a4 b6 13. Qc2 Nh5 14. g4 Nhf6 15. Bf4 Bb7 16. Bg3 Rfe8 17. Kg2 Ne5 18. Nxe5 dxe5 19. Rad1 Rbd8 20. b3 e6 21. Bh4 Rd6 22. Bg3 Rd7 23. Bf3 exd5 24. cxd5 Qd6 25. Rc1 Bh6 26. Rb1 Rde7 27. Ne2 Nd7 28. Bh4 g5 29. Bg3 b5 30. Nc3 b4 31.
Nd1 Nb6 32. a5 Nd7 33. Ne3 Bg7 34. Nf5 Qb8 35. Be2 Qd8 36. Ra1 Nb8 37. Bc4 Rd7 38.
Qe2 Kf8 39. Red1 h6 40. f3 Bc8 41. Rh1 Qc7 42. h4 f6 43. hxg5 fxg5 44. Rh5 Kf7 45. d6+ Kg6 46. dxc7 Rxc7 47. Rd1 Rc6 48. Nxg7 Kxg7 49.
Bd5 Rd6 50. Rdh1 Nd7 51. Qc4 Nf6 52. Rxh6 Nxg4 53. Rh7+ Kf8 54. fxg4 Bxg4 55. Rf1+ 1-0

[Event "Early-Titled-Tuesday-Blitz-April-02-2024"]
[Site "Chess.com"]
[Date "2024.04.02"]
[Round "7"]
[White "Louis-Paulsen-Fan"]
[Black "ChessSwole"]
[Result "0-1"]
[WhiteElo "2287"]
[BlackElo "2688"]
[TimeControl "180+1"]
[EndTime "9:18:01 PDT"]
[Termination "ChessSwole won on time"]

1. d4 d5 2. Nf3 Nf6 3. c4 e6 4. Nc3 c5 5. e3 Nc6 6. a3 a6 7. dxc5 Bxc5 8. b4 Be7 9. Bb2 O-O 10. cxd5 exd5 11. Be2 Bg4 12. O-O Rc8 13. Rc1 Bd6 14.
Re1 Bb8 15. Na4 Ne4 16. Nc5 Nxc5 17. Rxc5 Be6 18. Nd4 Qd6 19. g3 Ne5 20. Nxe6 fxe6 21. Qd4 Rxc5 22. bxc5 Qe7 23. Rc1 Nc6 24. Qg4 Be5 25.
Bd4 Bxd4 26. exd4 Qf6 27. Rd1 Qxf2+ 28. Kh1 Nxd4 29. Rxd4 Qe1+ 30. Kg2 Rf2+ 31. Kh3 Qxe2 32. Qxe2 Rxe2 33. Rb4 Rc2 34. Rxb7 Rxc5 35. Rb6 e5 36. Rxa6 Kf7 37. Kg4 d4 38. Kf5 Ke7 39. Ke4 Rb5 40.
Ra7+ Kf6 41. a4 Rb2 42. Ra6+ Kg5 43. Kxe5 d3 44. Rd6 d2 45. Ke4 Ra2 46. Ke3 Kg4 47.
Rxd2 Rxa4 48. Kf2 Kh3 0-1

[Event "Early-Titled-Tuesday-Blitz-April-02-2024"]
[Site "Chess.com"]
[Date "2024.04.02"]
[Round "7"]
[White "lcmil"]
[Black "agvania123"]
[Result "1-0"]
[WhiteElo "2292"]
[BlackElo "2401"]
[TimeControl "180+1"]
[EndTime "9:18:01 PDT"]
[Termination "lcmil won by resignation"]

1. e4 d5 2. exd5 Qxd5 3. Nc3 Qd8 4. d4 Nf6 5. Nf3 Bg4 6. Bc4 e6 7. h3 Bxf3 8. Qxf3 Nc6 9. Be3 Bb4 10. O-O-O Bxc3 11. bxc3 Na5 12. Bb3 Nxb3+ 13. cxb3 Qd5 14. Qg3 Qa5 15.
Kb2 Ne4 16. b4 Nxg3 17. bxa5 Nxh1 18. Rxh1 O-O-O 19. c4 c5 20. dxc5 Rd3 21. c6 bxc6 22.
Bxa7 Kb7 23. Bb6 Re8 24. Kc2 Rd7 25. Re1 e5 26. f4 e4 27. f5 g6 28. fxg6 hxg6 29.
Re3 f5 30. g3 g5 31. Rb3 Rd3 32. Rxd3 exd3+ 33. Kxd3 Re4 34. Be3 g4 35. h4 Ka6 36.
Bd2 c5 37. h5 Rd4+ 38. Kc3 Kxa5 39. Be3 Rd7 40. h6 Kb6 41. Bf4 Kc6 42. Be5 Rh7 43. Bg7 Kd7 44. Kd3 Ke6 45. a4 Kd7 46. Ke3 Kc6 47. Kf4 Kb6 48. Kxf5 Ka5 49. Kg6 Rxh6+ 50.
Bxh6 Kxa4 51. Kg5 Kb4 52. Kxg4 Kxc4 53. Kf5 Kd3 54. Bg7 c4 55. g4 c3 56. Bxc3 Kxc3 57. g5 Kd4 58. g6 1-0

[Event "Early-Titled-Tuesday-Blitz-April-02-2024"]
[Site "Chess.com"]
[Date "2024.04.02"]
[Round "7"]
[White "flawian2008"]
[Black "Revan_2002"]
[Result "0-1"]
[WhiteElo "2498"]
[BlackElo "2724"]
[TimeControl "180+1"]
[EndTime "9:18:04 PDT"]
[Termination "Revan_2002 won by resignation"]

1. d4 g6 2. e4 Bg7 3. Nc3 d6 4.
Bg5 c6 5. Qd2 Nd7 6. O-O-O b5 7. a3 Qa5 8. Nf3 h6 9. Be3 Nb6 10. Kb1 Rb8 11. h4 Be6 12. e5 b4 13.
axb4 Qxb4 14. Ne4 Qxd2 15. Bxd2 Na4 16. b3 Bf5 17. Bd3 d5 18. Nc5 Nxc5 19. Bxf5 Nxb3 20. cxb3 gxf5 21. Kc2 e6 22. Ra1 Rb7 23. Ne1 Ne7 24. Nd3 Nc8 25. Nc5 Rb6 26. Rh3 Bf8 27. b4 Rg8 28.
Rg3 Rxg3 29. fxg3 h5 30. Nd3 Be7 31. Kb3 f6 32. Bf4 Kf7 33. exf6 Bxf6 34. Be5 Be7 35. Ra4 Rb7 36. Ra6 Nb6 37. Kc3 Nc4 38. Bf4 Bf6 39. Nc5 Re7 40. Rxc6 a5 41. b5 e5 42. Rxf6+ Kxf6 43. Bg5+ Kf7 44. Bxe7 Kxe7 45. dxe5 Nxe5 46. Kd4 Nd7 47. Na4 Kd6 48. b6 Nb8 49. Nc5 Nc6+ 50. Kc3 Kxc5 0-1

[Event "Early-Titled-Tuesday-Blitz-April-02-2024"]
[Site "Chess.com"]
[Date "2024.04.02"]
[Round "7"]
[White "ricaurtelopezj1955"]
[Black "Knightmare1014"]
[Result "1-0"]
[WhiteElo "2169"]
[BlackElo "2311"]
[TimeControl "180+1"]
[EndTime "9:18:04 PDT"]
[Termination "ricaurtelopezj1955 won on time"]

1. e4 c5 2. d4 cxd4 3. c3 dxc3 4. Nxc3 e6 5. Nf3 a6 6. Bc4 b5 7. Bb3 Bb7 8. O-O Ne7 9. Qe2 Ng6 10. Rd1 Be7 11.
g3 O-O 12. h4 Bb4 13. h5 Ne7 14. h6 Bxc3 15. bxc3 Ng6 16. Ba3 Re8 17. Rd6 Qf6 18.
Rad1 Ne5 19. Nxe5 Qxe5 20. Bc2 f5 21. f4 Qxc3 22. exf5 Bf3 23. Qd3 Qxd3 24. R1xd3 Be4 25. fxe6 Bxd3 26. Rxd3 dxe6 27. Bb3 Nc6 28. Rd6 Nd8 29. Rd7 gxh6 30. Bb2 Nf7 31. f5 Rad8 32. fxe6 Rxd7 33. exd7 Rd8 34. Be6 Kf8 35. Bf6 Rb8 36. Bxf7 Kxf7 37. d8=Q Rxd8 38. Bxd8 Kg6 39. Kf2 Kf5 40. Kf3 Ke5 41. Ba5 Kd4 42. Kg4 Ke3 43. Kh5 Kf3 44.
g4 Kg3 45. a3 Kf3 46. Bb6 Kg3 47. Bc7+ Kh3 48. Bd6 Kg2 49. Kxh6 1-0

[Event "Early-Titled-Tuesday-Blitz-April-02-2024"]
[Site "Chess.com"]
[Date "2024.04.02"]
[Round "7"]
[White "Matols"]
[Black "JoshuaGK27"]
[Result "1-0"]
[WhiteElo "2376"]
[BlackElo "2519"]
[TimeControl "180+1"]
[EndTime "9:18:05 PDT"]
[Termination "Matols won on time"]

1. d4 Nf6 2. c4 e6 3. g3 d5 4. Nf3 dxc4 5. Bg2 c5 6. O-O Nc6 7. Qa4 Bd7 8. Qxc4 b5 9. Qd3 c4 10. Qd1 Rc8 11. Re1 Be7 12. e4 O-O 13. a3 Na5 14.
Nbd2 Bc6 15. Qe2 Qb6 16. e5 Nd5 17. h4 Rfd8 18. h5 h6 19. Qe4 Nb4 20. axb4 Bxe4 21.
bxa5 Qc7 22. Nxe4 b4 23. Bd2 Qd7 24. Rec1 Qb5 25. Be3 c3 26. bxc3 b3 27. Rcb1 b2 28.
Ra2 Qd3 29. Ned2 Rxc3 30. Raxb2 Qa6 31. Nb3 Qc8 32. Nc5 Rxe3 33. fxe3 Bxc5 34. dxc5 Qxc5 35.
Rb8 Qxe3+ 36. Kh2 Rxb8 37. Rxb8+ Kh7 38. a6 Qa3 39. Rb7 Qxa6 40. Rxf7 Qa2 41. Nh4 a5 42. Ng6 Qe2 43. Nf4 Qxe5 44. Ra7 Qg5 45. Be4+ Kg8 46.
Bg6 Kf8 47. Nxe6+ 1-0

[Event "Early-Titled-Tuesday-Blitz-April-02-2024"]
[Site "Chess.com"]
[Date "2024.04.02"]
[Round "7"]
[White "akanga001"]
[Black "esrosenberg"]
[Result "1-0"]
[WhiteElo "2145"]
[BlackElo "2466"]
[TimeControl "180+1"]
[EndTime "9:18:06 PDT"]
[Termination "akanga001 won on time"]

1. d4 d5 2. c4 e6 3. Nc3 c5 4.
cxd5 cxd4 5. Qxd4 Nc6 6. Qd2 exd5 7. Qxd5 Qc7 8. e4 Nf6 9. Qd1 Bb4 10. Bg5 Bxc3+ 11.
bxc3 Nxe4 12. Qd5 Nxc3 13. Qc4 Qe5+ 14. Be3 Nd5 15. Rd1 Nxe3 16. fxe3 Qxe3+ 17. Be2 O-O 18. Rd3 Qe5 19. Nf3 Qa1+ 20. Rd1 Qf6 21. O-O Be6 22. Qb5 Rab8 23. Ng5 Qe5 24. Nxe6 Qxe6 25. Bc4 Qe3+ 26. Kh1 a6 27. Qb3 Qxb3 28. axb3 Rbd8 29. Rc1 Ne5 30. Be2 Rc8 31. Rce1 Ng6 32. Bc4 b5 33. Bd5 Rcd8 34.
Bb7 Rd6 35. Ra1 h5 36. Bxa6 b4 37. Bc4 Ne5 38. Be2 g6 39. Ra5 Nc6 40. Ra6 Rfd8 41. Bc4 Ne5 42. Rxd6 Rxd6 43. Bb5 Rd2 44. h3 Rb2 45.
Re1 f6 46. Ba4 Kf7 47. Re4 Nd3 48. Rd4 Rd2 49. Rd7+ Ke6 50. Kh2 Rd1 51. Rd4 1-0

[Event "Early-Titled-Tuesday-Blitz-April-02-2024"]
[Site "Chess.com"]
[Date "2024.04.02"]
[Round "7"]
[White "Vesper2018"]
[Black "sorch29"]
[Result "1/2-1/2"]
[WhiteElo "2573"]
[BlackElo "2431"]
[TimeControl "180+1"]
[EndTime "9:18:07 PDT"]
[Termination "Game drawn by repetition"]

1. e4 c5 2. Nc3 Nc6 3. Bb5 Nd4 4. Bc4 a6 5. a4 e6 6. Nge2 Nf6 7.
O-O d5 8. exd5 exd5 9. Ba2 Ne6 10. d4 c4 11. b3 cxb3 12. Bxb3 Be7 13. f4 O-O 14. f5 Nc7 15. Bf4 Bd6 16. Qd2 Re8 17.
Rae1 b5 18. axb5 axb5 19. Ng3 Rxe1 20. Rxe1 b4 21. Na4 Bxf4 22. Qxf4 Na6 23. Nc5 Nxc5 24. dxc5 Bb7 25. Qxb4 Qc7 26. Qb6 Rc8 27. Qxc7 Rxc7 28. Nh5 Rxc5 29. Nxf6+ gxf6 30. Re8+ Kg7 31. Rd8 Rc7 32.
Kf2 Kh6 33. h4 Kh5 34. g3 Kg4 35. Rh8 Kxf5 36. Rxh7 d4 37. Rxf7 Rxf7 38. Bxf7 Be4 39. Bb3 Kg4 40. Be6+ Kh5 41. Bb3 Kg4 42. Ba4 Kh5 43.
Kg1 Kg4 44. Kh2 Bf5 45. Kg2 Be4+ 46. Kh2 Bf5 47. Bb3 Kh5 48. Kg2 Kg4 49. Ba4 Be4+ 50. Kh2 1/2-1/2

[Event "Early-Titled-Tuesday-Blitz-April-02-2024"]
[Site "Chess.com"]
[Date "2024.04.02"]
[Round "7"]
[White "DvaHrasta"]
[Black "Statham_01"]
[Result "1-0"]
[WhiteElo "2534"]
[BlackElo "2605"]
[TimeControl "180+1"]
[EndTime "9:18:08 PDT"]
[Termination "DvaHrasta won on time"]

1. c4 e5 2. g3 Nf6 3. Bg2 c6 4. Nf3 e4 5. Nd4 d5 6. cxd5 Qxd5 7. e3 Bc5 8. Nc3 Qe5 9. Nb3 Bd6 10.
O-O Bg4 11. f3 exf3 12. Bxf3 Qh5 13. Ne4 Nxe4 14. Bxg4 Qg5 15. Qf3 Nf6 16. Bc8 Qb5 17. Nd4 Qb6 18. Nf5 Bf8 19. Qf4 Na6 20. Qe5+ Kd8 21. Nxg7 Bxg7 22. Rxf6 Bxf6 23. Qxf6+ Kc7 24. Qxh8 Rxc8 25. Qxh7 Qc5 26. a3 Kb8 27. b4 Qe5 28. Rb1 Rh8 29. Bb2 Qxb2 30. Rxb2 Rxh7 31. Kg2 Nc7 32.
h4 Ne6 33. d4 Kc7 34. b5 c5 35.
d5 Nf8 36. e4 b6 37. Kf3 Kd6 38.
Kf4 Rh5 39. Rf2 Re5 40. g4 Ng6+ 41. Kg3 Rxe4 42. Rxf7 Rxg4+ 43. Kxg4 Ne5+ 44. Kf5 Nxf7 45. h5 Kxd5 46. Kf6 Nh8 47. Kg7 Ke6 48. Kxh8 Kf7 49.
a4 c4 50. a5 c3 51. axb6 axb6 52. h6 1-0

[Event "Early-Titled-Tuesday-Blitz-April-02-2024"]
[Site "Chess.com"]
[Date "2024.04.02"]
[Round "7"]
[White "Chess4always"]
[Black "Zhani-Z"]
[Result "0-1"]
[WhiteElo "2023"]
[BlackElo "2332"]
[TimeControl "180+1"]
[EndTime "9:18:08 PDT"]
[Termination "Zhani-Z won by checkmate"]

1. d4 Nf6 2. Bg5 d5 3. e3 Ne4 4. Bf4 c5 5. Bd3 Nc6 6. Bxe4 dxe4 7. c3 Qb6 8. Qb3 Be6 9. Qxb6 axb6 10. a3 Bc4 11.
Nd2 Bd3 12. Ne2 f6 13. Nc1 e5 14. Nxd3 exd3 15. dxe5 fxe5 16. Bg3 Bd6 17. Nc4 Bc7 18.
O-O-O b5 19. Nd2 c4 20. f4 exf4 21. exf4 O-O 22. Rhf1 Rae8 23. a4 Ra8 24. Kb1 Rxa4 25. b3 Ra3 26. bxc4 bxc4 27. Nxc4 Rxc3 28. Ne5 Bxe5 29. fxe5 Ra8 30. Rf3 Nb4 31. e6 Rb3+ 32. Kc1 Ra1+ 33. Kd2 Rb2+ 34. Kc3 Rxd1 35. Kxb2 Nd5 36.
Bd6 h6 37. e7 Re1 38. Rf8+ Kh7 39. e8=Q Rxe8 40. Rxe8 d2 41. Kc2 Nc3 42. Kxc3 d1=Q 43.
Re3 Qxd6 44. Rd3 Qc5+ 45. Kd2 Qf2+ 46. Kc3 Qxg2 47. h3 Qc6+ 48. Kb3 b5 49. Rc3 Qe4 50. Kb2 b4 51. Rb3 Qc4 52. Rg3 Qe4 53. Rb3 Qe5+ 54. Kc2 Qc5+ 55. Kb2 Qd4+ 56. Kc2 Qf2+ 57. Kb1 Qe1+ 58.
Kb2 g5 59. Ka2 Qd2+ 60. Rb2 Qd5+ 61. Kb1 Qc4 62. Rc2 Qb3+ 63. Rb2 Qd3+ 64. Ka2 Qa3+ 65. Kb1 b3 66. Ra2 Qxa2+ 67. Kc1 Qc2# 0-1

[Event "Early-Titled-Tuesday-Blitz-April-02-2024"]
[Site "Chess.com"]
[Date "2024.04.02"]
[Round "7"]
[White "smotherhubbard"]
[Black "Itay121"]
[Result "1-0"]
[WhiteElo "2371"]
[BlackElo "2516"]
[TimeControl "180+1"]
[EndTime "9:18:09 PDT"]
[Termination "smotherhubbard won by checkmate"]

1. d4 Nf6 2. c4 e6 3. Nf3 b6 4. a3 Bb7 5. Nc3 g6 6. Qc2 Bg7 7. e4 d6 8. Bd3 O-O 9. h4 c5 10. d5 exd5 11. cxd5 Re8 12. h5 Nxd5 13. hxg6 hxg6 14. Bg5 Qd7 15. Bb5 Rxe4+ 16. Nxe4 Qxb5 17. Nxd6 Qxb2 18. Qxb2 Bxb2 19. Rd1 Bc6 20. Nc4 Bc3+ 21. Kf1 Bb5 22. Nd2 Bxd2 23. Rxd2 Bxc4+ 24. Kg1 Nc6 25. Rxd5 f6 26. Rd6 fxg5 27. Rxg6+ Kf7 28. Rxc6 Rd8 29. Rh7+ Kg8 30. Rxa7 Rd1+ 31. Kh2 Bf7 32. Rcc7 Be8 33. Re7 Kf8 34. Rh7 Kg8 35. Rag7+ Kf8 36. Rxg5 c4 37. Rh8+ Ke7 38. Rg7+ Kf6 39. Rb7 Bf7 40.
Rh6+ Kg7 41. Rhxb6 c3 42. Rc6 Rd2 43. Rcc7 c2 44.
Rxf7+ Kg6 45. Rfc7 Rxf2 46. Kg3 Rd2 47. Rc6+ Kf5 48.
Rb5+ Ke4 49. Rc4+ Kd3 50. Rcc5 Ke2 51. Rb3 Kd1 52. Rbc3 Kc1 53. Rxc2+ Rxc2 54. Rxc2+ Kxc2 55. a4 Kc3 56. a5 Kc4 57. a6 Kc5 58. a7 Kc6 59.
a8=Q+ Kd7 60. Qd5+ Ke7 61. Kf4 Kf6 62. Qd6+ Kg7 63.
Kf5 Kh7 64. Qd7+ Kh6 65. Qe7 Kh5 66. Qg5# 1-0

[Event "Early-Titled-Tuesday-Blitz-April-02-2024"]
[Site "Chess.com"]
[Date "2024.04.02"]
[Round "7"]
[White "AlainBruxelles"]
[Black "DanylaBagrov"]
[Result "1/2-1/2"]
[WhiteElo "2319"]
[BlackElo "2504"]
[TimeControl "180+1"]
[EndTime "9:18:09 PDT"]
[Termination "Game drawn by repetition"]

1. d4 d6 2. c4 c6 3. Nc3 Nf6 4.
Nf3 Bg4 5. Qb3 Qc8 6. Bg5 Nbd7 7. Nd2 e5 8. Bxf6 Nxf6 9. dxe5 dxe5 10. Nde4 Nxe4 11.
Nxe4 Be7 12. h3 Bf5 13. Ng3 Be6 14. Qc3 Qc7 15. e4 O-O 16. Be2 Rfd8 17. O-O Rd4 18.
Rfd1 Rad8 19. b3 a5 20. Qc2 Bc5 21. Rxd4 Rxd4 22. Rd1 Qe7 23. Nf5 Bxf5 24. exf5 Qg5 25. Rxd4 Bxd4 26. Bf3 h5 27. a3 h4 28. b4 axb4 29. axb4 Qf4 30. b5 cxb5 31. cxb5 b6 32. Qc8+ Kh7 33. Qc2 Bc5 34. Bd5 f6 35. Bf7 e4 36.
Bg6+ Kh6 37. Qe2 Qg5 38. Qxe4 Qc1+ 39. Kh2 Bd6+ 40. g3 hxg3+ 41. fxg3 Qd2+ 42. Qg2 Qg5 43. Qf2 Be5 44. Kg2 Qc1 45. Qf3 Qd2+ 46. Qf2 Qxf2+ 47.
Kxf2 Bd4+ 48. Kf3 Bc3 49. h4 Bd2 50. g4 Bc1 51. Ke4 Bd2 52. Kd5 Be1 53. Kc6 Bf2 54. Kc7 Be3 55. Kc6 Bf2 56. Kc7 Be3 57. Kc6 Bf2 1/2-1/2